 Dungeon Crawl Stone Soup version 0.30-a0-1008-g30c9307041 (webtiles) character file.

Game seed: 6804992681518242933

2875 xian the Thaumaturge (level 9, -9/38 (46) HPs)
             Began as a Deep Elf Ice Elementalist on Apr 6, 2023.
             Mangled by a wight
             ... wielding a +4 trident
              (11 damage)
             ... on level 7 of the Dungeon.
             The game lasted 00:18:01 (7147 turns).

xian the Thaumaturge (Deep Elf Ice Elementalist)    Turns: 7147, Time: 00:18:02

HP:   -9/38 (46)    AC:  7    Str:  5    XL:     9   Next: 47%
MP:   22/25         EV: 12    Int: 25    God:
Gold: 149           SH:  0    Dex: 15    Spells: 15/28 levels left

rFire   + . .      SeeInvis .    c - +2 dagger (venom)
rCold   + . .      Faith    .    (no shield)
rNeg    . . .      Spirit   .    i - +0 leather armour
rPois   .          Reflect  .    h - +2 helmet
rElec   .          Rampage  .    E - scarf {rC+ rF+}
rCorr   .                        (no gloves)
Will    .....                    r - +0 pair of boots
Stlth   +++                      (no amulet)
HPRegen 0.26/turn                (no ring)
MPRegen 0.19/turn                (no ring)

@: heavily drained
A: no striking features
a: no special abilities


You were on level 7 of the Dungeon.
You visited 2 branches of the dungeon, and saw 8 of its levels.
You also visited: Sewer.

You collected 446 gold pieces.
You spent 297 gold pieces at shops.

Inventory:

Hand Weapons
 c - a +2 dagger of venom (weapon)
Armour
 f - a +0 cloak
 h - a +2 helmet (worn)
 i - a +0 leather armour (worn)
 r - a +0 pair of boots (worn)
 E - a scarf of resistance (worn)
Magical Staves
 t - a staff of poison
Wands
 p - a wand of polymorph (7)
 s - a wand of quicksilver (8)
 y - a wand of iceblast (12)
 D - a wand of mindburst (15)
Scrolls
 j - 2 scrolls of vulnerability
 k - a scroll of blinking
 n - a scroll of magic mapping
 q - a scroll of amnesia
 u - 5 scrolls of fog
 v - 3 scrolls of teleportation
 x - 4 scrolls of enchant armour
Potions
 a - 2 potions of brilliance
 b - 2 potions of magic
 d - a potion of invisibility
 e - a potion of ambrosia
 g - a potion of attraction {unknown}
 l - 2 potions of mutation
 m - 4 potions of heal wounds
 o - 3 potions of haste
 w - 3 potions of curing
 z - 2 potions of might
 A - 2 potions of flight {unknown}
 B - a potion of cancellation {unknown}
 C - a potion of resistance {unknown}
 F - a potion of lignification {unknown}
 G - a potion of berserk rage {unknown}


   Skills:
 + Level 0.8 Fighting
 + Level 0.9 Short Blades
 + Level 2.3 Armour
 + Level 4.2 Dodging
 + Level 4.6 Stealth
 + Level 10.3 Spellcasting
 * Level 5.3 Summonings
 + Level 9.5 Ice Magic


You had 15 spell levels left.
You knew the following spells:

 Your Spells              Type           Power      Damage    Failure   Level
a - Freeze                Ice            100%       1d10      1%          1
b - Frozen Ramparts       Ice            100%       1d16      1%          3
c - Ozocubu's Armour      Ice            57%        N/A       1%          3
d - Ensorcelled Hibernat  Hex/Ice        72%        N/A       1%          2
e - Summon Ice Beast      Ice/Summ       50%        N/A       3%          4

Your spell library contained the following spells:

 Spells                   Type           Power      Damage    Failure   Level
 Apportation              Tloc           24%        N/A       8%          1
 Summon Guardian Golem    Hex/Summ       26%        N/A       8%          3
 Ice Form                 Ice/Tmut       36%        N/A       11%         4
 Lesser Beckoning         Tloc           24%        N/A       12%         2
 Gell's Gravitas          Tloc           12%        N/A       24%         3
 Portal Projectile        Hex/Tloc       24%        N/A       24%         3
 Spider Form              Tmut/Pois      12%        N/A       24%         3
 Teleport Other           Tloc           12%        N/A       24%         3
 Anguish                  Hex/Necr       6%         N/A       61%         4
 Simulacrum               Ice/Necr       18%        N/A       86%         6
 Alistair's Intoxication  Tmut/Pois      8%         N/A       91%         5


Dungeon Overview and Level Annotations

Branches:
Dungeon (7/15)             Temple (1/1) D:7           Sewer (visited)

Altars:
Dithmenos
Elyvilon
Makhleb
Nemelex Xobeh
Ru
Trog
Yredelemnul

Shops:
D:6 ![[


Message History

Things that are here:
a +0 short sword; a +0 robe
There is a staircase back to the Dungeon here.
You start resting.
Your ice beast seems less drained.
Your ice beast disappears in a puff of smoke!
Magic restored.
You start resting.
HP restored.
You can't go down here!
You climb upwards.
Welcome back to the Dungeon!
The wight hits you from afar with a +4 trident!
You feel drained.
The wight hits you from afar with a +4 trident.
You feel drained.
There is a staircase to the Ecumenical Temple, spattered with blood here.
Casting: Summon Ice Beast (dangerous; 3% risk of failure)
Confirm with . or Enter, or press ? or * to list all spells.
A chill wind blows around you. The wight barely misses you.
Your ice beast closely misses the wight.
Your ice beast barely misses the wight.
The wight hits you with a +4 trident!
You hit the wight but do no damage.
Your ice beast completely misses the wight.
The wight barely misses you.
You barely miss the wight. You hit the wight.
The wight is lightly damaged.
The wight hits you but does no damage.
Your ice beast closely misses the wight.
You hit the wight but do no damage.
The wight is lightly damaged.
The wight hits you with a +4 trident!
* * * LOW HITPOINT WARNING * * *
Your ice beast closely misses the wight.
You closely miss the wight.
The wight is lightly damaged.
Your ice beast closely misses the wight.
The wight hits you with a +4 trident!
You die...

..#.....# +...........#
..#.....+ #...........#
..#.....# #...........#
###.....# #.....P.....#
........# #####.###...#
...##'#######P#...#.#'##
...#............Y.......
...#.........P#.z.#......
...#.......[†###@##......#
+###..##.###.##P.P# .....#
..##..##+# #.###.## #+#
..#.... ... ..# ####....
....### ..##..... .....#
..#............#
..#...........
#############


You could see a wight (ally target) and a friendly ice beast (summoned).

Vanquished Creatures
  4 yaks (D:6)
  2 water moccasins
  A sky beast (D:6)
  An orc warrior (D:6)
  2 ogres
  A kobold brigand (D:5)
  3 bullfrogs
  2 scorpions
  A wight (Temple)
  4 killer bees (D:7)
  An orc priest (D:7)
  4 hounds
  4 jellies
  2 sleepcaps
  2 gnoll boudas (D:5)
  Ijyb (D:5)
  4 iguanas
  3 orc wizards
  Robin (D:3)
  3 gnolls (D:5)
  6 adders
  2 shadow imps (D:5)
  A white imp (D:7)
  3 ufetubi
  4 worms
  A dart slug (D:4)
  11 orcs
  9 ball pythons
  12 endoplasms
  5 giant cockroaches
  11 goblins
  11 hobgoblins
  4 jackals (D:4)
  11 kobolds
  6 quokkas
  10 bats
  4 frilled lizards
  6 rats
163 creatures vanquished.

Vanquished Creatures (collateral kills)
  An orc warrior (D:7)
  A kobold brigand (D:7)
  A wight (D:7)
  A killer bee (D:7)
  An orc priest (D:7)
  An orc (D:7)
  A kobold (D:7)
7 creatures vanquished.

Vanquished Creatures (others)
  3 plants (D:7)
3 creatures vanquished.

Grand Total: 173 creatures vanquished

Notes
Turn   | Place    | Note
-------+----------+-------------------------------------------
     0 | D:1      | xian the Deep Elf Ice Elementalist began the quest for the
                  | Orb.
     0 | D:1      | Reached XP level 1. HP: 10/10 MP: 6/6
   210 | D:1      | Reached XP level 2. HP: 15/15 MP: 6/8
   381 | D:1      | Reached skill level 5 in Ice Magic
   809 | D:2      | Reached XP level 3. HP: 19/19 MP: 7/9
   871 | D:2      | Found a sacrificial altar of Ru.
   876 | D:2      | Learned a level 3 spell: Frozen Ramparts
   880 | D:2      | Learned a level 3 spell: Ozocubu's Armour
  1814 | D:3      | Reached skill level 4 in Spellcasting
  1818 | D:3      | Noticed Robin
  1819 | D:3      | Reached XP level 4. HP: 24/24 MP: 8/12
  1823 | D:3      | Killed Robin
  2157 | D:3      | Found a glowing drain.
  2161 | Sewer    | Entered a sewer
  2215 | Sewer    | Noticed a water moccasin
  2232 | Sewer    | HP: 1/24 [poisoned by a water moccasin]
  2235 | Sewer    | Killed a water moccasin
  2236 | Sewer    | Reached skill level 5 in Spellcasting
  2236 | Sewer    | Reached XP level 5. HP: 16/28 MP: 7/14
  3028 | D:4      | Learned a level 2 spell: Ensorcelled Hibernation
  3132 | D:4      | Reached XP level 6. HP: 31/32 MP: 12/16
  3625 | D:4      | Learned a level 4 spell: Summon Ice Beast
  3627 | D:5      | Entered Level 5 of the Dungeon
  3903 | D:5      | Reached skill level 1 in Summonings
  4028 | D:5      | Reached skill level 6 in Spellcasting
  4115 | D:5      | Reached XP level 7. HP: 33/36 MP: 14/18
  4407 | D:5      | Noticed Ijyb
  4411 | D:5      | Killed Ijyb
  4682 | D:5      | Reached skill level 1 in Armour
  4687 | D:5      | Reached skill level 7 in Spellcasting
  4765 | D:5      | Reached XP level 8. HP: 27/42 MP: 8/21
  5254 | D:6      | Reached skill level 8 in Spellcasting
  5263 | D:6      | Reached skill level 9 in Spellcasting
  5490 | D:6      | Reached XP level 9. HP: 30/46 MP: 17/24
  5657 | D:6      | Found Fumuc's Antique Armour Emporium.
  5660 | D:6      | Bought a runed scarf for 192 gold pieces
  5785 | D:6      | Found Xiuck's Distillery.
  5792 | D:6      | Bought a potion of might for 60 gold pieces
  5792 | D:6      | Bought a potion of curing for 45 gold pieces
  5817 | D:6      | Found Biskong's Antique Armour Boutique.
  6233 | D:7      | Reached skill level 5 in Summonings
  6694 | D:7      | Got Xuuxif's Precepts of the Bewitching Blizzard
  6797 | D:7      | Found a staircase to the Ecumenical Temple.
  6805 | D:7      | Reached skill level 10 in Spellcasting
  6807 | D:7      | HP: 2/46 [killer bee (3)]
  7017 | Temple   | Entered the Ecumenical Temple
  7147 | D:7      | Mangled by a wight

Illustrated notes

Levels and vault maps discovered:
D:1:      heliophobic_arrival_battle_scene, layout_basic
D:2:      minmay_general_purpose_star, layout_loops_cross, basic_altar
D:3:      layout_basic, gup_sewer_entry_spiral, uniq_robin
D:4:      layout_basic
D:5:      minmay_chambers_of_threes, layout_basic, uniq_ijyb
D:6:      layout_loops_ring, serial_shops, nicolae_shop_behind_doors,
          kennysheep_mini_moat, nicolae_shop_advertising_works
          [nicolae_subvault_shop_adworks]
D:7:      layout_gridville, minmay_temple_entry_gardened_gates,
          minmay_small_thing
Temple:   compressed_dpeg_triangle_lava_temple

Skill      XL: |  1  2  3  4  5  6  7  8  9 |
---------------+----------------------------+-----
Ice Magic      | 5 6 7 8 9 |  9.5
Spellcasting   | 4 5 6 7 9 10 | 10.3
Dodging        | 3 4 |  4.2
Stealth        | 3 4 |  4.6
Summonings     | 1 2 4 5 |  5.3
Armour         | 1 2 |  2.3
Fighting       | |  0.8
Short Blades   | |  0.9

Action                     |  1- 3 |  4- 6 |  7- 9 || total
---------------------------+-------+-------+-------++-------
  Melee: Unarmed           |     3 |       |       ||     3
         Whip              |     6 |       |       ||     6
         Dagger            |       |    23 |    62 ||    85
         Punch             |       |       |     2 ||     2
   Cast: Freeze            |    64 |    63 |    64 ||   191
         Frozen Ramparts   |     3 |     9 |    16 ||    28
         Ozocubu's Armour  |       |       |     9 ||     9
         Summon Ice Beast  |       |       |     8 ||     8
    Use: Scroll            |     8 |     3 |     3 ||    14
         Potion            |       |     1 |     2 ||     3
   Stab: Sleeping          |       |     5 |     3 ||     8
         Distracted        |       |       |     1 ||     1
 Armour: Robe              |     6 |       |       ||     6
         Leather armour    |    14 |    47 |    50 ||   111
  Dodge: Dodged            |    40 |    58 |   107 ||   205

Table legend: (Time is in decaauts)
 A = Elapsed time spent in this place.
 B = Non-inter-level travel time spent in this place.
 C = Inter-level travel time spent in this place.
 D = Time resting spent in this place.
 E = Time spent auto-exploring this place.
 F = Levels seen in this place.
 G = Mean time per level.
                   A        B        C        D        E       F      G
               +--------+--------+--------+--------+--------+-----+--------+
         Total |   7182 |   6997 |    185 |    175 |   5473 |   9 |  798.0 |
       Dungeon |   6866 |   6681 |    185 |     73 |   5328 |   7 |  980.9 |
        Temple |    119 |    119 |      0 |    102 |      0 |   1 |  119.0 |
         Sewer |    196 |    196 |      0 |      0 |    145 |   1 |  196.0 |
               +--------+--------+--------+--------+--------+-----+--------+

Top non-repeatable levels by time:
     D:5: 1466 daAuts
     D:6: 1064 daAuts
     D:2: 1029 daAuts
     D:3: 905 daAuts
     D:7: 867 daAuts
     D:1: 774 daAuts
     D:4: 758 daAuts
   Sewer: 196 daAuts
  Temple: 119 daAuts
